[Event "24th Hoogeveen Open 2021"]
[Site "Hoogeveen"]
[Date "2021.10.18"]
[Round "4.6"]
[White "Labruyere, Roger"]
[Black "Binnendijk, Ferdinand"]
[Result "0-1"]
[ECO "B70"]
[WhiteElo "2009"]
[BlackElo "2142"]
[Annotator "RC"]
[PlyCount "137"]
[EventDate "2021.10.15"]
[EventType "swiss"]
[EventCountry "NED"]
[SourceTitle "playchess.com"]
[Source "ChessBase"]
[SourceQuality "1"]
[TimeControl "40/5400+30:1800+30"]

1. e4 d6 2. d4 Nf6 3. Nc3 Nbd7 4. g3 c5 5. Nge2 cxd4 6. Nxd4 g6 7. Bg2 Bg7 8. O-O O-O 9. Be3 a6 10. a4 Ne5 11. Qe2 Qc7 12. Nb3 Be6 13. Bd4 Bc4 14. Qd2 Bxf1 15. Rxf1 Nc4 16. Qc1 Rac8 17. Bxf6 Bxf6 18. Nd5 Qd8 19. Nxf6+ exf6 20. Nd2 Qa5 21. Nxc4 Rxc4 22. b3 Rc3 23. Rd1 Qc7 24. Qf4 Rxc2 25. h4 Qc3 26. Qxd6 Rc1 27. Rxc1 Qxc1+ 28. Kh2 Qb2 29. Qb6 a5 30. Bf3 Qe5 31. Kg2 h5 32. b4 axb4 33. Qxb4 Rb8 34. Bd1 b6 35. Bb3 Kg7 36. Qc4 Rb7 37. Qe2 Re7 38. Bc2 Qc3 39. Qd3 Rc7 40. Bb1 Qxd3 41. Bxd3 Rc3 42. Bb5 Kf8 43. Kf1 Ke7 44. Ke2 g5 45. hxg5 fxg5 46. Kf1 Ke6 47. Kg2 g4 48. Kf1 Ke5 49. Be8 Rc7 50. Kg1 Kxe4 51. Kg2 Re7 52. Bc6+ Kd4 53. Bb5 Re5 54. Bc6 Kc5 55. Bb5 Kb4 56. Bc6 Ra5 57. Be8 f5 58. Bxh5 Rxa4 59. f3 Kc3 60. fxg4 fxg4 61. Kf2 Kd2 62. Be8 Rd4 63. Bb5 Rd5 64. Bc6 Rf5+ 65. Kg2 Ke3 66. Bd7 Rf2+ 67. Kg1 Kf3 68. Bxg4+ Kxg3 69. Bh5 0-1

[Event "24th Hoogeveen Open 2021"]
[Site "Hoogeveen"]
[Date "2021.10.21"]
[Round "7.1"]
[White "Arabi, Osama"]
[Black "Bezemer, Arno"]
[Result "1-0"]
[ECO "A65"]
[WhiteElo "1940"]
[BlackElo "2283"]
[Annotator "ChessBase"]
[PlyCount "91"]
[EventDate "2021.10.15"]
[EventType "swiss"]
[EventCountry "NED"]
[SourceTitle "playchess.com"]
[Source "ChessBase"]
[SourceQuality "1"]
[TimeControl "40/5400+30:1800+30"]

1. d4 Nf6 2. c4 c5 3. d5 g6 4. Nc3 Bg7 5. e4 d6 6. Nge2 O-O 7. Ng3 e6 8. Be2 exd5 9. cxd5 a6 10. a4 Nbd7 11. O-O Rb8 12. Be3 Re8 13. f3 h5 14. Qd2 h4 15. Nh1 Nh7 16. Nf2 Ndf8 17. Rab1 Qa5 18. Rfc1 Nd7 19. b4 cxb4 20. Na2 Nc5 21. Qxb4 Qd8 22. a5 Bf8 23. Nd3 Nd7 24. Nc3 Nhf6 25. Bg5 Nxd5 26. Bxd8 Nxb4 27. Bxh4 Nxd3 28. Bxd3 Nc5 29. Bc4 Be6 30. Nd5 Bxd5 31. Bxd5 Bh6 32. Rd1 Rec8 33. Bg3 Rd8 34. Rb6 Bf8 35. e5 dxe5 36. Bxe5 Rbc8 37. Rxg6+ Kh7 38. Rf6 Rd7 39. Rd4 Bg7 40. Rh4+ Kg8 41. Rg6 Rxd5 42. Rxg7+ Kf8 43. Rh8+ Ke7 44. Rhg8 Rcd8 45. Rxd8 Rxe5 46. Rc8 1-0

[Event "24th Hoogeveen Open 2021"]
[Site "Hoogeveen"]
[Date "2021.10.21"]
[Round "7.2"]
[White "Roobol, Martin"]
[Black "Gutkind, Kedem"]
[Result "1/2-1/2"]
[ECO "B12"]
[WhiteElo "2296"]
[BlackElo "2112"]
[Annotator "ChessBase"]
[PlyCount "80"]
[EventDate "2021.10.15"]
[EventType "swiss"]
[EventCountry "NED"]
[SourceTitle "playchess.com"]
[Source "ChessBase"]
[SourceQuality "1"]
[TimeControl "40/5400+30:1800+30"]

1. e4 c6 2. d4 d5 3. e5 Bf5 4. h4 h6 5. Ne2 e6 6. Ng3 Bh7 7. Bd3 Bxd3 8. Qxd3 c5 9. c3 Nc6 10. a3 Qb6 11. Ne2 Rc8 12. Nd2 cxd4 13. cxd4 h5 14. O-O Nh6 15. b4 Nf5 16. Nf3 Be7 17. g3 O-O 18. Bg5 Rfe8 19. Rfd1 Bf8 20. Nh2 Rc7 21. g4 hxg4 22. Nxg4 Rec8 23. h5 Nce7 24. Ra2 a6 25. Rad2 Qb5 26. Qh3 Kh7 27. h6 g6 28. Nf6+ Kh8 29. h7 Bg7 30. Ng4 Qa4 31. Bf6 Rc2 32. Ng3 Rxd2 33. Rxd2 Qxa3 34. Kh2 Qf3 35. b5 axb5 36. Rb2 Qf4 37. Rxb5 Rc7 38. Ra5 Rc8 39. Rb5 Rc7 40. Ra5 Rc8 1/2-1/2

[Event "24th Hoogeveen Open 2021"]
[Site "Hoogeveen"]
[Date "2021.10.21"]
[Round "7.3"]
[White "Binnendijk, Ferdinand"]
[Black "Meurs, Tom"]
[Result "0-1"]
[ECO "D31"]
[WhiteElo "2142"]
[BlackElo "2217"]
[Annotator "ChessBase"]
[PlyCount "126"]
[EventDate "2021.10.15"]
[EventType "swiss"]
[EventCountry "NED"]
[SourceTitle "playchess.com"]
[Source "ChessBase"]
[SourceQuality "1"]
[TimeControl "40/5400+30:1800+30"]

1. d4 d5 2. c4 e6 3. Nc3 a6 4. Nf3 dxc4 5. a4 Nc6 6. e3 Na5 7. Ne5 c5 8. Nxc4 Nf6 9. Be2 cxd4 10. exd4 Nxc4 11. Bxc4 Bd6 12. Bg5 h6 13. Bh4 O-O 14. Qf3 Be7 15. Rd1 Qc7 16. Ba2 Bd7 17. O-O Bc6 18. d5 exd5 19. Rd4 Rad8 20. Qd3 Rfe8 21. Bb1 g6 22. Ba2 Kg7 23. Rd1 Qe5 24. Bg3 Qe6 25. b4 b6 26. h3 Bb7 27. Qd2 Bd6 28. Nxd5 Bxg3 29. Nxf6 Qxf6 30. fxg3 Rxd4 31. Qxd4 Re1+ 32. Kh2 Qxd4 33. Rxd4 Re2 34. Bd5 Bxd5 35. Rxd5 Re4 36. a5 Rxb4 37. axb6 Rxb6 38. Rd7 Rb5 39. Ra7 a5 40. g4 Kf6 41. Kg3 Ke6 42. Kh2 f6 43. Kg3 Kd5 44. Ra6 Kc5 45. Kh4 Kb4 46. Rxf6 a4 47. Rxg6 a3 48. Ra6 Ra5 49. Rf6 a2 50. Rf1 Kc3 51. Ra1 Kb2 52. Rxa2+ Kxa2 53. Kg3 Kb3 54. Kf4 Kc4 55. h4 Kd4 56. g5 hxg5+ 57. hxg5 Kd5 58. Kf5 Kd6+ 59. Kf6 Kd7 60. g6 Ke8 61. Kg7 Rg5 62. Kf6 Rxg2 63. g7 Rg1 0-1

[Event "24th Hoogeveen Open 2021"]
[Site "Hoogeveen"]
[Date "2021.10.21"]
[Round "7.4"]
[White "Van der Hagen, Loek"]
[Black "Hovenga, Alje"]
[Result "0-1"]
[ECO "B00"]
[WhiteElo "2010"]
[BlackElo "2212"]
[Annotator "ChessBase"]
[PlyCount "66"]
[EventDate "2021.10.15"]
[EventType "swiss"]
[EventCountry "NED"]
[SourceTitle "playchess.com"]
[Source "ChessBase"]
[SourceQuality "1"]
[TimeControl "40/5400+30:1800+30"]

1. e4 Nc6 2. Nf3 d6 3. Bc4 Nf6 4. d3 g6 5. a3 Bg7 6. Nc3 O-O 7. Bg5 Bg4 8. h3 Bxf3 9. gxf3 Nd4 10. Be3 Nh5 11. Nd5 e6 12. Nc3 c6 13. Nb1 d5 14. c3 dxc4 15. dxc4 e5 16. cxd4 exd4 17. Bc1 f5 18. Qd3 Qh4 19. Rh2 Rae8 20. Nd2 Be5 21. Rh1 c5 22. a4 Nf4 23. Qf1 Ne6 24. Ra3 Bf4 25. exf5 Rxf5 26. Kd1 Ng5 27. Qg2 Bxd2 28. Kxd2 d3 29. Rxd3 Qxc4 30. b3 Nxf3+ 31. Qxf3 Qb4+ 32. Kd1 Rxf3 33. Rxf3 Qe4 0-1

[Event "24th Hoogeveen Open 2021"]
[Site "Hoogeveen"]
[Date "2021.10.21"]
[Round "7.5"]
[White "Van den Berg, Bram"]
[Black "Labruyere, Roger"]
[Result "1/2-1/2"]
[ECO "B12"]
[WhiteElo "2209"]
[BlackElo "2009"]
[Annotator "ChessBase"]
[PlyCount "123"]
[EventDate "2021.10.15"]
[EventType "swiss"]
[EventCountry "NED"]
[SourceTitle "playchess.com"]
[Source "ChessBase"]
[SourceQuality "1"]
[TimeControl "40/5400+30:1800+30"]

1. e4 c6 2. d4 d5 3. e5 Bf5 4. h4 h5 5. Bd3 Bxd3 6. Qxd3 e6 7. Be3 Qa5+ 8. c3 Qa6 9. Qc2 Nh6 10. f3 Be7 11. Ne2 Nf5 12. Bf2 Nd7 13. b4 b6 14. a4 c5 15. b5 Qc8 16. Qd3 a6 17. Na3 c4 18. Qb1 Bxa3 19. Rxa3 axb5 20. Qxb5 Ra5 21. Qb4 Qc7 22. Nf4 Qa7 23. Ke2 Qc7 24. Kd2 Qd8 25. g4 hxg4 26. fxg4 Nxh4 27. Raa1 Qg5 28. Be3 Qxg4 29. Rag1 Qf3 30. Rh3 Qe4 31. Rxg7 Nf3+ 32. Ke2 Rf8 33. Qb2 Nxd4+ 34. cxd4 Rxa4 35. Rg1 b5 36. Ra1 Rxa1 37. Qxa1 Qc2+ 38. Ke1 b4 39. Qa8+ Ke7 40. Nxd5+ exd5 41. Bg5+ Ke6 42. Qc6+ Kf5 43. Qxd7+ Kg6 44. Qg4 Qe4+ 45. Qxe4+ dxe4 46. Be7 Rb8 47. Kd1 Rb7 48. Bc5 Kf5 49. Rh5+ Kg6 50. Rh2 b3 51. Kc1 c3 52. Kb1 Kf5 53. Rh3 c2+ 54. Kb2 Ke6 55. Rh1 Kd5 56. Re1 Rb8 57. Kc3 e3 58. Kb2 Ke4 59. d5 Kxd5 60. Bxe3 Ke6 61. Bd4 Rd8 62. Re4 1/2-1/2

[Event "24th Hoogeveen Open 2021"]
[Site "Hoogeveen"]
[Date "2021.10.21"]
[Round "7.6"]
[White "Tabak, Stefan"]
[Black "Klaren, Duncan"]
[Result "1-0"]
[ECO "B20"]
[WhiteElo "2168"]
[BlackElo "1845"]
[Annotator "ChessBase"]
[PlyCount "109"]
[EventDate "2021.10.15"]
[EventType "swiss"]
[EventCountry "NED"]
[SourceTitle "playchess.com"]
[Source "ChessBase"]
[SourceQuality "1"]
[TimeControl "40/5400+30:1800+30"]

1. e4 c5 2. b4 cxb4 3. d4 d5 4. exd5 Nf6 5. a3 Nxd5 6. axb4 e6 7. b5 Bb4+ 8. Bd2 Qe7 9. c3 Bd6 10. c4 Nb4 11. c5 Bxc5 12. dxc5 Qxc5 13. Bxb4 Qxb4+ 14. Nd2 O-O 15. Ngf3 e5 16. Ra4 Qe7 17. Be2 Bf5 18. O-O Nd7 19. Qa1 Qf6 20. Ne4 Qe7 21. Ng3 Bg6 22. Rxa7 Rab8 23. Qa3 Qf6 24. Rd1 Rfd8 25. Qd6 Qxd6 26. Rxd6 f6 27. h4 Nc5 28. Rxd8+ Rxd8 29. Ra2 e4 30. Rd2 Nd3 31. Ne1 Rc8 32. Nxd3 exd3 33. Bxd3 Rc5 34. Be2 Be8 35. Rd8 Kf7 36. Rb8 Rc7 37. Bf3 Bxb5 38. Rxb7 Rxb7 39. Bxb7 Bd7 40. f3 g6 41. Kf2 Kg7 42. Ne4 Kf7 43. Ke3 Ke7 44. Kd4 Be6 45. Bd5 Bd7 46. g3 Bc8 47. Kc5 Bd7 48. Nc3 Be8 49. Bb3 Bf7 50. Bxf7 Kxf7 51. Kd6 h6 52. Nd5 h5 53. Kd7 g5 54. Kd6 g4 55. f4 1-0

[Event "24th Hoogeveen Open 2021"]
[Site "Hoogeveen"]
[Date "2021.10.21"]
[Round "7.7"]
[White "Osterwald, Elwin"]
[Black "Basa, Manasvita"]
[Result "1-0"]
[ECO "A13"]
[WhiteElo "2130"]
[BlackElo "1668"]
[Annotator "ChessBase"]
[PlyCount "77"]
[EventDate "2021.10.15"]
[EventType "swiss"]
[EventCountry "NED"]
[SourceTitle "playchess.com"]
[Source "ChessBase"]
[SourceQuality "1"]
[TimeControl "40/5400+30:1800+30"]

1. Nf3 d5 2. c4 e6 3. g3 Nf6 4. Bg2 Bd6 5. O-O O-O 6. b3 c6 7. Bb2 Nbd7 8. Nc3 e5 9. cxd5 cxd5 10. Nb5 Bb8 11. Ba3 Re8 12. Nd6 Re6 13. Nxf7 Qa5 14. N7g5 Re8 15. Bb2 h6 16. Nh3 Nf8 17. d4 e4 18. Ne5 Bf5 19. e3 Bd6 20. f4 exf3 21. Rxf3 Bh7 22. Rxf6 gxf6 23. Qg4+ Ng6 24. Nxg6 Kf7 25. Qd7+ Kxg6 26. Qxd6 Rxe3 27. Rf1 Qd8 28. Nf4+ Kg7 29. Ne6+ Rxe6 30. Qxe6 Bg8 31. Qg4+ Kh8 32. Qh4 Kg7 33. Bc1 Rc8 34. Bxh6+ Kf7 35. Bf3 Bh7 36. Bxd5+ Ke8 37. Re1+ Kd7 38. Qg4+ Kc7 39. Rc1+ 1-0

[Event "24th Hoogeveen Open 2021"]
[Site "Hoogeveen"]
[Date "2021.10.22"]
[Round "8.4"]
[White "Gutkind, Kedem"]
[Black "Tabak, Stefan"]
[Result "1-0"]
[ECO "A43"]
[WhiteElo "2112"]
[BlackElo "2168"]
[Annotator "ChessBase"]
[PlyCount "141"]
[EventDate "2021.10.15"]
[EventType "swiss"]
[EventCountry "NED"]
[SourceTitle "playchess.com"]
[Source "ChessBase"]
[SourceQuality "1"]
[TimeControl "40/5400+30:1800+30"]

1. d4 Nf6 2. Nf3 c5 3. d5 e6 4. Nc3 b5 5. dxe6 fxe6 6. Nxb5 Qa5+ 7. Nc3 d5 8. e3 Bd6 9. Bd2 Qb6 10. e4 dxe4 11. Ng5 O-O 12. Ngxe4 Bb7 13. Nxd6 Qxd6 14. Qe2 Nc6 15. Nb5 Qe7 16. c3 a6 17. Na3 e5 18. Be3 Kh8 19. O-O-O Rac8 20. Kb1 e4 21. Nc4 Rcd8 22. Rxd8 Rxd8 23. Qe1 Ng4 24. Be2 Nge5 25. Qc1 Nd3 26. Qc2 a5 27. Rd1 Ba6 28. Qa4 Qb7 29. Bxd3 exd3 30. Nxa5 Nxa5 31. Qxa5 Rb8 32. Rd2 c4 33. Qe5 Bb5 34. b4 Re8 35. Qc5 Rc8 36. Qb6 Qd5 37. Kb2 Ra8 38. Qc5 Qd7 39. h4 Qb7 40. Qb6 Qd7 41. h5 h6 42. Bd4 Ra6 43. Qb8+ Kh7 44. f4 Bc6 45. Qf8 Be4 46. Kc1 Ra8 47. Qc5 Rc8 48. Qe5 Re8 49. Qc5 Qg4 50. Be5 Rc8 51. Qe7 Bf5 52. b5 Rg8 53. Qf7 Be4 54. Qxc4 Bf5 55. b6 Qg3 56. Rd1 Qe3+ 57. Kb1 Qxb6+ 58. Qb3 Qf2 59. Ka1 Ra8 60. Qf7 Rxa2+ 61. Qxa2 Qc5 62. Qb3 Qc6 63. Rd2 Qe4 64. Kb2 Qe1 65. Qd1 Qe4 66. Qf3 Qe1 67. Qd1 Qe4 68. g4 Be6 69. Rxd3 Qc4 70. Rd4 Qa2+ 71. Kc1 1-0

[Event "24th Hoogeveen Open 2021"]
[Site "Hoogeveen"]
[Date "2021.10.22"]
[Round "8.5"]
[White "Van der Hagen, Loek"]
[Black "Van den Berg, Bram"]
[Result "1/2-1/2"]
[ECO "B01"]
[WhiteElo "2010"]
[BlackElo "2209"]
[Annotator "RC"]
[PlyCount "135"]
[EventDate "2021.10.15"]
[EventType "swiss"]
[EventCountry "NED"]
[SourceTitle "playchess.com"]
[Source "ChessBase"]
[SourceQuality "1"]
[TimeControl "40/5400+30:1800+30"]

1. e4 d5 2. exd5 Nf6 3. Be2 Nxd5 4. d4 e6 5. Nf3 Be7 6. O-O O-O 7. c4 Nf6 8. Nc3 Re8 9. h3 a6 10. Be3 Nbd7 11. Qc2 b6 12. Rfd1 Bb7 13. Rac1 Bb4 14. a3 Bxc3 15. Qxc3 Qe7 16. b4 c5 17. dxc5 bxc5 18. Ne1 Rec8 19. Qb3 a5 20. b5 a4 21. Qc2 Nb6 22. Bf3 Bxf3 23. Nxf3 e5 24. Nd2 Qe6 25. f3 h6 26. Bf2 Ra7 27. Re1 Re7 28. Bh4 g5 29. Bg3 Nfd7 30. f4 gxf4 31. Bxf4 f5 32. Nf3 e4 33. Nh2 Ne5 34. Bxe5 Qxe5 35. Qc3 Qxc3 36. Rxc3 Rd7 37. g4 Rd3 38. Rxd3 exd3 39. Rd1 Rd8 40. gxf5 Nxc4 41. Ng4 Nxa3 42. b6 c4 43. b7 Nc2 44. Nf6+ Kg7 45. Nd7 Nd4 46. f6+ Kf7 47. Ne5+ Kxf6 48. Nxc4 Nc6 49. Nb2 a3 50. Nxd3 a2 51. Rf1+ Kg7 52. Nc5 Re8 53. Kg2 Re5 54. Nd3 Rg5+ 55. Kh2 Rb5 56. Ra1 Rb3 57. Nc5 Rb2+ 58. Kg3 Kf7 59. Na6 Ke6 60. b8=Q Nxb8 61. Nxb8 Kd5 62. Nd7 Kc4 63. Ne5+ Kb3 64. Nf7 Rb1 65. Rxa2 Kxa2 66. Nxh6 Rb3+ 67. Kg4 Rxh3 68. Kxh3 1/2-1/2

[Event "24th Hoogeveen Open 2021"]
[Site "Hoogeveen"]
[Date "2021.10.22"]
[Round "8.6"]
[White "Arnold, Kiri"]
[Black "Binnendijk, Ferdinand"]
[Result "0-1"]
[ECO "B48"]
[WhiteElo "1787"]
[BlackElo "2142"]
[Annotator "ChessBase"]
[PlyCount "70"]
[EventDate "2021.10.15"]
[EventType "swiss"]
[EventCountry "NED"]
[SourceTitle "playchess.com"]
[Source "ChessBase"]
[SourceQuality "1"]
[TimeControl "40/5400+30:1800+30"]

1. e4 c5 2. Nf3 Nc6 3. d4 cxd4 4. Nxd4 e6 5. Nc3 Qc7 6. Be3 a6 7. Bd3 Nf6 8. O-O Be7 9. Nxc6 bxc6 10. f4 d6 11. Qf3 Rb8 12. b3 Nd7 13. Rad1 Bf6 14. Na4 c5 15. c4 Bb7 16. Bd2 Bc6 17. Nc3 O-O 18. Qh3 Bd4+ 19. Kh1 Qb7 20. Nd5 Rbe8 21. Bc3 f5 22. Bxd4 cxd4 23. a3 h6 24. Rde1 Nc5 25. Nb4 Nxd3 26. Qxd3 Bxe4 27. Qg3 a5 28. Na2 Kh7 29. h4 Rf6 30. h5 g6 31. Qh4 Ref8 32. Rf2 gxh5 33. b4 Rg6 34. Ree2 Rfg8 35. Qh3 Rg3 0-1

[Event "24th Hoogeveen Open 2021"]
[Site "Hoogeveen"]
[Date "2021.10.22"]
[Round "8.7"]
[White "Labruyere, Roger"]
[Black "Willemsma, Abe"]
[Result "1-0"]
[ECO "C25"]
[WhiteElo "2009"]
[BlackElo "2095"]
[Annotator "ChessBase"]
[PlyCount "35"]
[EventDate "2021.10.15"]
[EventType "swiss"]
[EventCountry "NED"]
[SourceTitle "playchess.com"]
[Source "ChessBase"]
[SourceQuality "1"]
[TimeControl "40/5400+30:1800+30"]

1. e4 Nc6 2. Nc3 e5 3. f4 exf4 4. Nf3 g5 5. Bc4 g4 6. O-O gxf3 7. Qxf3 Qf6 8. Nd5 Qd4+ 9. Kh1 Bd6 10. d3 Nge7 11. Bxf4 Bxf4 12. Qxf4 Nxd5 13. Qxf7+ Kd8 14. exd5 d6 15. dxc6 bxc6 16. c3 Qe5 17. Rae1 Qg5 18. Rf6 1-0

[Event "24th Hoogeveen Open 2021"]
[Site "Hoogeveen"]
[Date "2021.10.23"]
[Round "9.1"]
[White "Hovenga, Alje"]
[Black "Bezemer, Arno"]
[Result "1/2-1/2"]
[ECO "D14"]
[WhiteElo "2212"]
[BlackElo "2283"]
[Annotator "NA"]
[PlyCount "24"]
[EventDate "2021.10.15"]
[EventType "swiss"]
[EventCountry "NED"]
[SourceTitle "playchess.com"]
[Source "ChessBase"]
[SourceQuality "1"]
[TimeControl "40/5400+30:1800+30"]

1. d4 d5 2. c4 c6 3. Nf3 Nf6 4. cxd5 cxd5 5. Nc3 Nc6 6. Bf4 Bf5 7. e3 e6 8. Bd3 Bxd3 9. Qxd3 Bd6 10. Bxd6 Qxd6 11. O-O O-O 12. Rfc1 Rfc8 1/2-1/2

[Event "24th Hoogeveen Open 2021"]
[Site "Hoogeveen"]
[Date "2021.10.23"]
[Round "9.3"]
[White "Roobol, Martin"]
[Black "Binnendijk, Ferdinand"]
[Result "1/2-1/2"]
[ECO "B07"]
[WhiteElo "2296"]
[BlackElo "2142"]
[Annotator "ChessBase"]
[PlyCount "77"]
[EventDate "2021.10.15"]
[EventType "swiss"]
[EventCountry "NED"]
[SourceTitle "playchess.com"]
[Source "ChessBase"]
[SourceQuality "1"]
[TimeControl "40/5400+30:1800+30"]

1. e4 d6 2. d4 Nf6 3. Nc3 e5 4. Nge2 Be7 5. h3 h5 6. g3 c6 7. a4 a5 8. Bg2 Nbd7 9. Be3 Qc7 10. O-O O-O 11. f4 exd4 12. Bxd4 Re8 13. Qd2 Nc5 14. Rae1 d5 15. exd5 cxd5 16. f5 Nce4 17. Nxd5 Nxd5 18. Bxe4 Nf6 19. Bg2 Bd7 20. b3 Bc5 21. Kh2 Bxd4 22. Nxd4 h4 23. Qf4 hxg3+ 24. Qxg3 Qc5 25. c3 Bc6 26. Bxc6 bxc6 27. Rxe8+ Rxe8 28. Re1 Rxe1 29. Qxe1 Qd6+ 30. Qg3 Qd5 31. Qf3 Ne4 32. Kg2 c5 33. Ne2 Qe5 34. c4 Ng5 35. Qd3 Ne4 36. Qd8+ Kh7 37. Qh4+ Kg8 38. Qd8+ Kh7 39. Qh4+ 1/2-1/2

[Event "24th Hoogeveen Open 2021"]
[Site "Hoogeveen"]
[Date "2021.10.23"]
[Round "9.4"]
[White "Meurs, Tom"]
[Black "Labruyere, Roger"]
[Result "1-0"]
[ECO "B12"]
[WhiteElo "2217"]
[BlackElo "2009"]
[Annotator "ChessBase"]
[PlyCount "51"]
[EventDate "2021.10.15"]
[EventType "swiss"]
[EventCountry "NED"]
[SourceTitle "playchess.com"]
[Source "ChessBase"]
[SourceQuality "1"]
[TimeControl "40/5400+30:1800+30"]

1. e4 c6 2. d4 d5 3. e5 c5 4. Nf3 Bf5 5. dxc5 e6 6. Be3 Nc6 7. c4 Qa5+ 8. Qd2 Qxd2+ 9. Nbxd2 Nb4 10. Nd4 O-O-O 11. a3 Nd3+ 12. Bxd3 Bxd3 13. Rc1 Bxc4 14. Nxc4 dxc4 15. Rxc4 Rd5 16. Nb5 Rxe5 17. Nxa7+ Kb8 18. c6 Rxe3+ 19. fxe3 Kxa7 20. c7 Ne7 21. O-O Nc8 22. Rxf7 Rg8 23. Rd4 Bd6 24. Rd7 b6 25. Rd8 Rf8 26. R4xd6 1-0

[Event "24th Hoogeveen Open 2021"]
[Site "Hoogeveen"]
[Date "2021.10.23"]
[Round "9.5"]
[White "De Winter, Arthur"]
[Black "Osterwald, Elwin"]
[Result "1-0"]
[ECO "C12"]
[WhiteElo "2034"]
[BlackElo "2130"]
[Annotator "ChessBase"]
[PlyCount "63"]
[EventDate "2021.10.15"]
[EventType "swiss"]
[EventCountry "NED"]
[SourceTitle "playchess.com"]
[Source "ChessBase"]
[SourceQuality "1"]
[TimeControl "40/5400+30:1800+30"]

1. e4 e6 2. d4 d5 3. Nc3 Nf6 4. Bg5 Bb4 5. e5 h6 6. Bd2 Bxc3 7. bxc3 Ne4 8. Bc1 c5 9. Ne2 cxd4 10. cxd4 Qa5+ 11. c3 Nc6 12. Qb3 Bd7 13. f3 Ng5 14. Ba3 f6 15. h4 Nf7 16. f4 O-O-O 17. Rb1 Qc7 18. g3 Na5 19. Qc2 Nc4 20. Be7 Rde8 21. exf6 gxf6 22. Bxf6 Rhg8 23. Bh3 Rxg3 24. Nxg3 Na3 25. Qb2 Nxb1 26. O-O e5 27. Bxd7+ Qxd7 28. Qxb1 e4 29. Kh2 Qe6 30. Qb5 Rg8 31. Be5 Nxe5 32. fxe5 1-0

[Event "24th Hoogeveen Open 2021"]
[Site "Hoogeveen"]
[Date "2021.10.23"]
[Round "9.6"]
[White "Van den Berg, Bram"]
[Black "Klaren, Duncan"]
[Result "1-0"]
[ECO "B20"]
[WhiteElo "2209"]
[BlackElo "1845"]
[Annotator "ChessBase"]
[PlyCount "85"]
[EventDate "2021.10.15"]
[EventType "swiss"]
[EventCountry "NED"]
[SourceTitle "playchess.com"]
[Source "ChessBase"]
[SourceQuality "1"]
[TimeControl "40/5400+30:1800+30"]

1. e4 c5 2. b4 cxb4 3. a3 d5 4. exd5 Qxd5 5. Nf3 e5 6. c4 Qd8 7. axb4 Bxb4 8. Be2 Nc6 9. Bb2 Qe7 10. Nc3 Nf6 11. O-O Be6 12. Re1 O-O 13. Bf1 Rad8 14. Nxe5 Nxe5 15. Rxe5 Bd6 16. Rg5 g6 17. g3 Bf5 18. Rxf5 gxf5 19. Qf3 Qe6 20. d4 Bb4 21. Bd3 Bxc3 22. Bxc3 Ne4 23. d5 Qg6 24. Bb2 Rfe8 25. Qd1 Qb6 26. Qc2 a6 27. Kg2 Qh6 28. Rd1 Qh5 29. Be2 Qh6 30. h4 Qg6 31. Bf3 b6 32. Qd3 Qd6 33. h5 h6 34. Re1 Qd7 35. Qd4 f6 36. Bxe4 fxe4 37. Qxf6 Qh7 38. Qxb6 Qf5 39. Qxh6 Re7 40. Qh8+ Kf7 41. Qxd8 Qf3+ 42. Kg1 e3 43. Qxe7+ 1-0

[Event "24th Hoogeveen Open 2021"]
[Site "Hoogeveen"]
[Date "2021.10.23"]
[Round "9.7"]
[White "Tabak, Stefan"]
[Black "Van der Hagen, Loek"]
[Result "1/2-1/2"]
[ECO "C47"]
[WhiteElo "2168"]
[BlackElo "2010"]
[Annotator "ChessBase"]
[PlyCount "101"]
[EventDate "2021.10.15"]
[EventType "swiss"]
[EventCountry "NED"]
[SourceTitle "playchess.com"]
[Source "ChessBase"]
[SourceQuality "1"]
[TimeControl "40/5400+30:1800+30"]

1. e4 e5 2. Nf3 Nc6 3. Nc3 Nf6 4. d4 exd4 5. Nxd4 Bb4 6. Nxc6 bxc6 7. Bd3 d5 8. exd5 cxd5 9. O-O O-O 10. Bg5 c6 11. Qf3 Bd6 12. h3 Rb8 13. Rab1 h6 14. Bf4 Re8 15. b3 Rb4 16. Bxd6 Qxd6 17. Rfe1 Rxe1+ 18. Rxe1 Be6 19. Na4 c5 20. c3 Rb8 21. Qe3 Rc8 22. Rd1 Bd7 23. Nb2 Kf8 24. Be2 Qe6 25. Bf3 Qa6 26. Bxd5 Qxa2 27. Rd2 Nxd5 28. Rxd5 Be6 29. Rxc5 Re8 30. Nd3 Qxb3 31. Qd4 Qb1+ 32. Kh2 Qb8+ 33. g3 Rd8 34. Qe3 Bd5 35. Qe5 Qxe5 36. Nxe5 Be6 37. f4 f6 38. Nf3 Ke7 39. Nd4 Rd7 40. g4 Rb7 41. Kg3 Bd7 42. f5 Kd6 43. Ra5 Rc7 44. Kf4 Rxc3 45. Ra6+ Ke7 46. Rxa7 Rc4 47. Ke3 Rc3+ 48. Kf4 Rc4 49. Ke3 Rc3+ 50. Kf4 Rc4 51. Ke4 1/2-1/2